 Dungeon Crawl Stone Soup version 0.19.5 (webtiles) character file.

3196 JeffiDaFish the Blocker (level 9, -3/55 HPs)
             Began as a Gargoyle Fighter on Nov 7, 2017.
             Was a Believer of Okawaru.
             Slain by a wyvern zombie (5 damage)
             ... on level 8 of the Dungeon.
             The game lasted 00:21:18 (6961 turns).

JeffiDaFish the Blocker (Gargoyle Fighter)          Turns: 6961, Time: 00:21:19

Health: -3/55      AC: 21    Str: 20    XL:     9   Next: 96%
Magic:  9/9        EV:  5    Int:  9    God:    Okawaru [**....]
Gold:   426        SH: 16    Dex: 12    Spells: 0 memorised, 8 levels left

rFire  . . .     SeeInvis .     e - +1 whip (venom)
rCold  + . .     Gourm    .     l - +0 chain mail
rNeg   + . .     Faith    .     u - +0 large shield
rPois  ∞         Spirit   .     j - +0 helmet
rElec  +         Reflect  .     o - +1 cloak
rCorr  .         Harm     .     k - +0 pair of gloves
MR     .....                    (no boots)
Stlth  ..........               (no amulet)
                                (no ring)
                                n - ring of protection from cold

@: about to teleport
A: negative energy resistance 1, electricity resistance, unbreathing,
petrification resistance, rot immunity, AC +5
a: Heroism, Renounce Religion


You were on level 8 of the Dungeon.
You worshipped Okawaru.
Okawaru was pleased with you.
You were not hungry.

You visited 2 branches of the dungeon, and saw 9 of its levels.

You collected 426 gold pieces.

Inventory:

Hand Weapons
 e - a +1 whip of venom (weapon)
Armour
 j - a +0 helmet (worn)
 k - a +0 pair of gloves (worn)
 l - a +0 chain mail (worn)
 o - a +1 cloak (worn)
 u - a +0 large shield (worn)
Jewellery
 n - a ring of protection from cold (left hand)
Scrolls
 a - 2 scrolls of teleportation
 b - 6 scrolls of identify
 c - 2 scrolls of fog
 d - a scroll of recharging
 h - 3 scrolls of remove curse
 q - 3 scrolls of fear
 t - 2 scrolls of amnesia
Potions
 g - 3 potions of brilliance
 m - a potion of magic
 p - 4 potions of flight
Books
 v - a book of Flames

   Spells                             Type                      Level
   a - Flame Tongue                   Conjuration/Fire             1
   b - Throw Flame                    Conjuration/Fire             2
   c - Conjure Flame                  Conjuration/Fire             3
   d - Inner Flame                    Hexes/Fire                   3
   e - Sticky Flame                   Conjuration/Fire             4
   f - Fireball                       Conjuration/Fire             5
Comestibles
 f - 5 bread rations
 i - 2 beef jerkies
 r - a fruit
 s - 3 chunks of flesh
 x - a meat ration


   Skills:
 + Level 6.0 Fighting
 + Level 7.6 Maces & Flails
 + Level 7.7 Armour
 + Level 2.2 Dodging
 + Level 1.3 Stealth
 + Level 8.9 Shields
 + Level 0.8 Unarmed Combat


You had 8 spell levels left.
You didn't know any spells.

Dungeon Overview and Level Annotations

Branches:
Dungeon (8/15)             Temple (1/1) D:5
   Lair: D:8-11

Altars:
Ashenzari
Cheibriados
Dithmenos
Elyvilon
Fedhas
Gozag
Hepliaklqana
Kikubaaqudgha
Nemelex Xobeh
Okawaru
Qazlal
Ru
Sif Muna
Trog
Uskayaw
Vehumet
Yredelemnul
The Shining One

Shops:
D:6 (

Annotations:
D:5 exclusion: statue
D:6 JeffiDaFish's ghost, novice GrFi


Innate Abilities, Weirdness & Mutations

You are resistant to torment.
Your stone body is resilient. (AC +5)
You are immune to poison.
You resist negative energy. (rN+)
You are resistant to electric shocks. (rElec)
You can survive without breathing.
You are immune to petrification.
You are immune to rotting.


Message History

The wyvern zombie bites you but does no damage.
You hit the wyvern zombie.
The wyvern zombie is severely damaged.
You block the wyvern zombie's attack.
Your shield and chain mail prevent you from hitting the wyvern zombie.
The wyvern zombie is severely damaged.
The wyvern zombie bites you but does no damage.
You hit the wyvern zombie.
The wyvern zombie is severely damaged.
The wyvern zombie bites you!
* * * LOW HITPOINT WARNING * * *
The wyvern zombie bites you.
* * * LOW HITPOINT WARNING * * *
You hit the wyvern zombie.
The wyvern zombie is severely damaged.
You block the wyvern zombie's attack.
Okay, then.
As you read the scroll of teleportation, it crumbles to dust.
You feel strangely unstable. The wyvern zombie bites you.
You die...

.......<....#
#...########..#
#...# #..# ##...#
#..## ....# ##...#
.... #....#### #..#
#.......## #.Z#
#......... #.@#
#.......##
#..########...##.((
#....(...........()
#....(..).)..######
######(############
#)####........
#).....≈≈≈≈≈≈≈
#.........≈≈≈≈≈;
#......≈≈.≈≈≈≈≈≈≈


You could see a wyvern zombie.

Vanquished Creatures
  The ghost of Lilxick the Chopper, an amateur DDFi of Trog (D:4)
  A troll (D:8)
  A hippogriff (D:7)
  A water moccasin (D:7)
  2 sky beasts
  A phantom (D:5)
  A necrophage (D:5)
  An ice beast (D:5)
  3 centaurs
  An ogre (D:5)
  A big kobold (D:8)
  2 bullfrogs
  A gnoll sergeant (D:7)
  A scorpion (D:4)
  A wyvern skeleton (D:8)
  2 howler monkeys (D:7)
  An electric eel (D:8)
  4 crimson imps
  A quasit (D:7)
  A bullfrog zombie (D:5)
  4 jellies
  3 orc priests
  2 bullfrog skeletons (D:5)
  6 hounds
  Crazy Yiuf (D:3)
  An iguana (D:7)
  Ijyb (D:3)
  Terence (D:3)
  An orc wizard (D:3)
  7 worker ants
  Robin (D:3)
  A worker ant zombie (D:7)
  7 gnolls (D:7)
  8 adders
  A howler monkey skeleton (D:4)
  2 shadow imps
  An adder zombie (D:6)
  An ooze (D:4)
  2 adder skeletons (D:4)
  4 worms (D:2)
  3 dart slugs
  4 leopard geckos
  7 orcs
  A ball python (D:5)
  4 giant cockroaches
  16 goblins
  7 hobgoblins
  8 jackals
  13 kobolds
  8 quokkas
  3 bats
  4 frilled lizards
  6 rats
167 creatures vanquished.

Notes
Turn   | Place    | Note
-------+----------+-------------------------------------------
     0 | D:1      | JeffiDaFish the Gargoyle Fighter began the quest for the Orb.
     0 | D:1      | Reached XP level 1. HP: 14/14 MP: 1/1
   436 | D:2      | Reached XP level 2. HP: 18/19 MP: 2/2
   702 | D:2      | Reached XP level 3. HP: 23/23 MP: 3/3
   932 | D:2      | Reached XP level 4. HP: 28/29 MP: 4/4
  1124 | D:2      | Found a basalt altar of Yredelemnul.
  1408 | D:2      | Reached skill level 4 in Shields
  1595 | D:3      | Noticed Terence
  1607 | D:3      | Killed Terence
  1684 | D:3      | Noticed Ijyb
  1686 | D:3      | Reached XP level 5. HP: 33/33 MP: 5/5
  1696 | D:3      | Killed Ijyb
  1741 | D:3      | Found a runed door.
  1745 | D:3      | Noticed Crazy Yiuf
  1750 | D:3      | Killed Crazy Yiuf
  1887 | D:3      | Reached skill level 1 in Stealth
  2047 | D:3      | Reached XP level 6. HP: 38/38 MP: 6/6
  2147 | D:3      | Reached skill level 1 in Dodging
  2173 | D:3      | Found a snail-covered altar of Cheibriados.
  2218 | D:3      | Found a faded altar of an unknown god.
  2270 | D:3      | Noticed Robin
  2300 | D:3      | Killed Robin
  2662 | D:3      | Reached skill level 5 in Shields
  2707 | D:4      | Noticed Lilxick's ghost (amateur DDFi)
  2733 | D:4      | Killed Lilxick's ghost
  2733 | D:4      | Reached skill level 5 in Armour
  2733 | D:4      | Reached XP level 7. HP: 14/44 MP: 7/7
  3119 | D:4      | Found a hazy altar of Hepliaklqana.
  3229 | D:5      | Entered Level 5 of the Dungeon
  3401 | D:5      | Reached skill level 6 in Shields
  3401 | D:5      | Reached XP level 8. HP: 40/48 MP: 8/8
  3499 | D:5      | Reached skill level 5 in Maces & Flails
  3694 | D:5      | Found a staircase to the Ecumenical Temple.
  3705 | Temple   | Entered the Ecumenical Temple
  3841 | Temple   | Became a worshipper of Warmaster Okawaru
  3905 | D:5      | Reached skill level 5 in Fighting
  3936 | D:5      | Found a radiant altar of Vehumet.
  4143 | D:5      | Reached skill level 7 in Shields
  4176 | D:5      | Found an opulent altar of Gozag.
  4236 | D:5      | Found a glowing golden altar of the Shining One.
  4399 | D:6      | Noticed JeffiDaFish's ghost (novice GrFi)
  4765 | D:6      | Found Jienog's Antique Weapon Shoppe.
  4957 | D:6      | Reached * piety under Okawaru
  4970 | D:6      | Found a sacrificial altar of Ru.
  5326 | D:7      | Reached XP level 9. HP: 54/54 MP: 9/9
  5857 | D:7      | Found a bloodstained altar of Trog.
  6027 | D:7      | Reached ** piety under Okawaru
  6114 | D:7      | Reached skill level 8 in Shields
  6715 | D:8      | Noticed a troll
  6749 | D:8      | Killed a troll
  6959 | D:8      | HP: 2/55 [wyvern zombie (4)]
  6961 | D:8      | Slain by a wyvern zombie

Skill      XL: |  1  2  3  4  5  6  7  8  9 |
---------------+----------------------------+-----
Armour         | 4 5 6 7 |  7.7
Shields        | 4 5 6 7 8 |  8.9
Maces & Flails | 3 4 6 7 |  7.6
Stealth        | 1 |  1.3
Fighting       | 4 5 6 |  6.0
Dodging        | 1 2 |  2.2
Unarmed Combat | |  0.8

Action                   |  1- 3 |  4- 6 |  7- 9 || total
-------------------------+-------+-------+-------++-------
Melee: Flail             |    33 |       |       ||    33
       Whip              |    64 |   210 |   637 ||   911
       Unarmed           |       |    10 |       ||    10
  Use: Scroll            |     3 |     3 |     6 ||    12
       Potion            |     2 |     5 |     6 ||    13
  Eat: Chunk             |       |     6 |    15 ||    21
Armor: Scale mail        |    43 |       |       ||    43
       Chain mail        |     5 |   123 |   234 ||   362
Dodge: Dodged            |    31 |    43 |    89 ||   163
Block: Shield            |    51 |    98 |    95 ||   244
       Large shield      |       |       |   257 ||   257
